 Dungeon Crawl Stone Soup version 0.30-a0-311-gf115ab0292 (webtiles) character file.

Game seed: 8269556139050658154

567 Lobster4 the Charlatan (level 7, -4/53 HPs)
             Began as a Human Wanderer on Oct 25, 2022.
             Slain by an orc warrior
             ... wielding a +0 glaive
              (13 damage)
             ... on level 4 of the Dungeon.
             The game lasted 00:10:24 (2886 turns).

Lobster4 the Charlatan (Human Wanderer)             Turns: 2886, Time: 00:10:25

Health: -4/53      AC:  6    Str: 12    XL:     7   Next: 59%
Magic:  7/7        EV: 13    Int: 13    God:
Gold:   138        SH:  5    Dex: 19    Spells: 6/6 levels left

rFire   . . .      SeeInvis .    a - +10 sling of the Fool {flame, rElec Int+2 Dex+3}
rCold   . . .      Faith    .    l - +0 buckler
rNeg    . . .      Spirit   .    r - +2 robe {Will+}
rPois   .          Reflect  .    w - +0 helmet
rElec   +          Harm     .    c - +0 cloak
rCorr   .          Rampage  .    (no gloves)
Will    +....                    (no boots)
Stlth   ++........               (no amulet)
HPRegen 0.28/turn                (no ring)
MPRegen 0.10/turn                (no ring)

@: no status effects
A: no striking features
a: no special abilities


You were on level 4 of the Dungeon.
You visited 1 branch of the dungeon, and saw 4 of its levels.

You collected 138 gold pieces.

Inventory:

Hand Weapons
 a - the +10 sling of the Fool (weapon) {flame, rElec Int+2 Dex+3}
   (You found it on level 2 of the Dungeon)

   Any ammunition fired from it burns those it strikes, dealing additional fire
   damage.
   Int:       It affects your intelligence (+2).
   Dex:       It affects your dexterity (+3).
   rElec:     It insulates you from electricity.
 b - a +3 dagger
 g - a +1 dagger of electrocution
 s - a +0 sling
 v - a +0 club
Missiles
 q - 3 poisoned darts
 t - 4 datura-tipped darts
Armour
 c - a +0 cloak (worn)
 l - a +0 buckler (worn)
 r - a +2 robe of willpower (worn)
 w - a +0 helmet (worn)
Wands
 f - a wand of mindburst (13)
 n - a wand of polymorph (5)
 p - a wand of flame (18)
 y - a wand of iceblast (9)
Scrolls
 d - a scroll of fog
 e - a scroll of enchant armour {unknown}
 h - 3 scrolls of noise {unknown}
 m - 2 scrolls of teleportation {unknown}
 u - a scroll of enchant weapon {unknown}
 x - a scroll of identify
 A - 2 scrolls of magic mapping {unknown}
Potions
 i - 4 potions of curing
 j - a potion of brilliance {unknown}
 k - a potion of resistance
 o - 6 potions of heal wounds


   Skills:
 + Level 3.7 Fighting
 + Level 1.8 Short Blades
 - Level 0.5 Polearms
 + Level 2.0 Ranged Weapons
 - Level 3.0 Armour
 - Level 4.0 Dodging
 + Level 3.1 Shields
 - Level 1.0 Unarmed Combat
 - Level 5.0 Evocations


You had 6 spell levels left.
You didn't know any spells.
Your spell library contained the following spells:

 Spells                   Type           Power      Damage    Failure   Level
 Cigotuvi's Dreadful Rot  Necr/Pois/Air  0%         N/A       52%         2
 Poisonous Vapours        Pois/Air       0%         N/A       52%         2
 Sublimation of Blood     Necr           0%         N/A       52%         2
 Wereblood                Tmut           0%         N/A       52%         2
 Hailstorm                Conj/Ice       0%         3d3       77%         3
 Mephitic Cloud           Conj/Pois/Air  0%         N/A       77%         3
 Ice Form                 Ice/Tmut       0%         N/A       99%         4
 Simulacrum               Ice/Necr       0%         N/A       100%        6
 Summon Hydra             Summ           0%         N/A       100%        7


Dungeon Overview and Level Annotations

Branches:
Dungeon (4/15)
 Temple: D:4-7

Altars:
Ashenzari
Kikubaaqudgha


Message History

You shoot a sling bullet.
The sling bullet barely misses the orc warrior.
The sling bullet closely misses the orc.
The orc warrior closely misses you.
You hear some strange, mumbled words.
A magic dart appears from out of thin air!
The magic dart hits you.
You shoot a sling bullet.
The sling bullet barely misses the orc wizard.
The sling bullet hits the orc.
The sling bullet burns the orc.
You kill the orc!
Something hits you. The orc warrior closely misses you.
You shoot a sling bullet. The sling bullet hits the orc wizard!
The sling bullet burns the orc wizard.
The orc wizard is severely wounded.
Something hits you. The orc warrior barely misses you.
You block the orc warrior's attack. Something hits you but does no damage.
You shoot a sling bullet.
Reactivating autopickup.
You feel a bit more experienced. The orc warrior closely misses you.
You shoot a sling bullet. The sling bullet hits the orc wizard!
The sling bullet burns the orc wizard.
You kill the orc wizard!
The orc warrior closely misses you. You block the orc warrior's attack.
Your Ranged Weapons skill increases to level 2!
You shoot a sling bullet. The sling bullet barely misses the orc.
The sling bullet hits the orc!
The sling bullet burns the orc.
You kill the orc!
The orc hits you but does no damage. The orc warrior closely misses you.
You shoot a sling bullet. The sling bullet hits the orc!
The sling bullet burns the orc.
You kill the orc!
The orc warrior misses you.
You shoot a sling bullet.
The sling bullet closely misses the orc.
The orc hits you with a +0 dagger.
The orc warrior hits you from afar with a +0 glaive!!
* * * LOW HITPOINT WARNING * * *
The orc warrior hits you from afar with a +0 glaive!
You die...

. .. ..< ....
..... .....o#####
))..))o@..##
#########..###+##+
##.#.....#
#.#.....# #
#.'##'##+##+##+
#.#..#.....#..#
#.#..#'###+#..#
#.#..#.....#..#
#.+..+.._..'[.'


You could see an orc warrior and an orc.

Vanquished Creatures
  Sigmund (D:2)
  A centaur zombie (D:3)
  A hound (D:4)
  A jelly (D:4)
  An iguana (D:4)
  Jessica (D:3)
  2 orc wizards (D:4)
  A hound skeleton (D:3)
  Robin (D:2)
  A howler monkey skeleton (D:3)
  7 adders
  4 dart slugs
  7 orcs (D:4)
  11 ball pythons
  7 endoplasms
  2 giant cockroaches (D:2)
  13 goblins
  8 hobgoblins
  8 jackals
  3 bats
  5 frilled lizards
  A jackal skeleton (D:3)
  3 kobolds
  2 quokka skeletons (D:3)
  10 rats
102 creatures vanquished.

Notes
Turn   | Place    | Note
-------+----------+-------------------------------------------
     0 | D:1      | Lobster4 the Human Wanderer began the quest for the Orb.
     0 | D:1      | Lobster4 set off with the following items: a +0 dagger, a
                  | potion of attraction, a +0 cloak, a scroll of fog, a +0
                  | robe, a wand of mindburst (18).
     0 | D:1      | Reached XP level 1. HP: 15/15 MP: 1/1
   102 | D:1      | Reached XP level 2. HP: 13/21 MP: 2/2
   479 | D:1      | Reached skill level 1 in Armour
   538 | D:1      | Reached XP level 3. HP: 18/26 MP: 3/3
  1089 | D:2      | Noticed Sigmund
  1275 | D:2      | Reached XP level 4. HP: 33/33 MP: 4/4
  1327 | D:2      | Killed Sigmund
  1328 | D:2      | Reached skill level 5 in Evocations
  1328 | D:2      | Reached XP level 5. HP: 40/40 MP: 5/5
  1328 | D:2      | Reached XP level 6. HP: 46/46 MP: 6/6
  1487 | D:2      | Identified the +10 sling of the Fool {flame, rElec Int+2
                  | Dex+3}
  1842 | D:2      | Noticed Robin
  1845 | D:2      | Killed Robin
  2359 | D:3      | Reached skill level 1 in Ranged Weapons
  2359 | D:3      | Reached XP level 7. HP: 51/52 MP: 7/7
  2606 | D:3      | Noticed Jessica
  2610 | D:3      | Killed Jessica
  2611 | D:3      | Reached skill level 1 in Short Blades
  2751 | D:4      | Found a broken altar of Ashenzari.
  2756 | D:4      | Saw a vision of the Shoals and the Spider Nest.
  2756 | D:4      | Noticed a wind drake
  2756 | D:4      | Noticed a demonic crawler
  2756 | D:4      | Noticed a culicivora
  2756 | D:4      | Noticed a sun moth
  2756 | D:4      | Noticed a manticore
  2756 | D:4      | Noticed a culicivora
  2756 | D:4      | Noticed a manticore
  2756 | D:4      | Noticed a sun moth
  2756 | D:4      | Noticed a redback
  2756 | D:4      | Noticed a manticore
  2756 | D:4      | Noticed a tarantella
  2756 | D:4      | Noticed a redback
  2756 | D:4      | Noticed a wolf spider
  2756 | D:4      | Noticed a merfolk siren
  2756 | D:4      | Noticed a moth of wrath
  2756 | D:4      | Noticed a merfolk siren
  2756 | D:4      | Noticed a merfolk siren
  2756 | D:4      | Noticed a sea snake
  2757 | D:4      | Noticed a tarantella
  2757 | D:4      | Noticed a redback
  2758 | D:4      | Noticed a tarantella
  2758 | D:4      | Noticed a demonic crawler
  2796 | D:4      | Found an ancient bone altar of Kikubaaqudgha.
  2886 | D:4      | Slain by an orc warrior

Illustrated notes

Levels and vault maps discovered:
D:1:      doesnt_arrival_eight_statues, layout_loops_ring, st_stairs_3
D:2:      layout_loops_corners, minmay_domino_4, uniq_sigmund, uniq_robin
D:3:      layout_loops_cross, serial_undead, serial_undead_e, serial_undead_d,
          serial_undead_f, serial_undead_b, uniq_jessica
D:4:      layout_rooms, grunt_ashenzari_visionary
          [grunt_ashenzari_visionary_shoals, grunt_ashenzari_visionary_spider],
          xom_butterflies, mainiacjoe_overflow_24_doors, serial_shops,
          nicolae_shop_temple_entry_statues_fountains

Skill      XL: |  1  2  3  4  5  6  7 |
---------------+----------------------+-----
Armour         | 1 2 3 |  3.0
Fighting       | 2 3 |  3.7
Shields        | 2 3 |  3.1
Evocations     | 5 |  5.0
Ranged Weapons | 1 2 |  2.0
Short Blades   | 1 |  1.8
Polearms       | |  0.5
Dodging        | |  4.0
Unarmed Combat | |  1.0

Action                   |  1- 3 |  4- 6 |  7- 9 || total
-------------------------+-------+-------+-------++-------
Melee: Dagger            |    22 |       |       ||    22
       Punch             |     2 |       |       ||     2
       Club              |   108 |    20 |       ||   128
       Halberd           |       |    16 |       ||    16
 Fire: Sling             |       |    61 |    50 ||   111
Throw: Stone             |     1 |       |       ||     1
Evoke: Wand              |     2 |     3 |       ||     5
  Use: Scroll            |       |     3 |       ||     3
 Stab: Sleeping          |     1 |       |       ||     1
Armor: Robe              |    33 |    17 |     9 ||    59
Dodge: Dodged            |   116 |    28 |    15 ||   159
Block: Buckler           |       |     5 |     2 ||     7

Table legend: (Time is in decaauts)
 A = Elapsed time spent in this place.
 B = Non-inter-level travel time spent in this place.
 C = Inter-level travel time spent in this place.
 D = Time resting spent in this place.
 E = Time spent auto-exploring this place.
 F = Levels seen in this place.
 G = Mean time per level.
                   A        B        C        D        E       F      G
               +--------+--------+--------+--------+--------+-----+--------+
         Total |   2974 |   2788 |    186 |    164 |   1814 |   4 |  743.5 |
       Dungeon |   2974 |   2788 |    186 |    164 |   1814 |   4 |  743.5 |
               +--------+--------+--------+--------+--------+-----+--------+

Top non-repeatable levels by time:
     D:1: 1092 daAuts
     D:2: 1070 daAuts
     D:3: 598 daAuts
     D:4: 212 daAuts
